NCAA
BAYLOR BEARS @ NOTRE DAME FIGHTING IRISH
04/16/2023
 
TOP OF THE 1ST
Baylor Bears batting - Pitching for Notre Dame Fighting Irish : RHP Richard Thomas
Pitching: RHP Richard Thomas
Batting: LHB David Taylor 0-0: Ball
1-0: Ball
2-0: Called Strike
2-1: Foul Ball, location: 2F
2-2: Foul Ball, location: 2F
2-2: Foul Ball, location: 2F
2-2: Ball
3-2: Base on Balls
Batting: LHB John White 0-0: Swinging Strike
0-1: Ball
1-1: Called Strike
1-2: Strikes out swinging
Batting: RHB Horace Johnson 0-0: Called Strike
0-1: Fielders Choice at 2nd, 2-6 (Groundball, 2R)
Batting: LHB Matt Reese 0-0: Ball
Horace Johnson is caught stealing 2nd base
Top of the 1st over - 0 run(s), 0 hit(s), 0 error(s), 0 left on base; Baylor 0 - Notre Dame 0
BOTTOM OF THE 1ST
Notre Dame Fighting Irish batting - Pitching for Baylor Bears : RHP Wayne Orlebar
Pitching: RHP Wayne Orlebar
Batting: RHB António Muńóz 0-0: Ball
1-0: Ball
2-0: Called Strike
2-1: Swinging Strike
2-2: Ball
3-2: Strikes out swinging
Batting: SHB Forest Cruz 0-0: Called Strike
0-1: Ball
1-1: Called Strike
1-2: Fly out, F7 (Flyball, 7LM)
Batting: LHB Pat White 0-0: Foul Ball, location: 2F
0-1: Ball
1-1: Swinging Strike
1-2: Foul Ball, location: 2F
1-2: Fly out, F5 (Popup, 5SF)
Bottom of the 1st over - 0 run(s), 0 hit(s), 0 error(s), 0 left on base; Baylor 0 - Notre Dame 0
TOP OF THE 2ND
Baylor Bears batting - Pitching for Notre Dame Fighting Irish : RHP Richard Thomas
Batting: LHB Matt Reese 0-0: Fly out, F7 (Flyball, 7LM)
Batting: RHB Esteban Vargas 0-0: Called Strike
0-1: Ball
1-1: SOLO HOME RUN (Flyball, 89XD), Distance : 369 ft
Batting: RHB John Krueger 0-0: Foul Ball, location: 2F
0-1: Ball
1-1: Ball
2-1: Ball
3-1: Base on Balls
Batting: RHB Guy Morrison 0-0: Called Strike
0-1: Foul Ball, location: 2F
0-2: Ball
1-2: Foul Ball, location: 2F
1-2: Ball
2-2: Ball
3-2: Foul Ball, location: 2F
3-2: Base on Balls
John Krueger to second
Batting: LHB Brian Richardson 0-0: Fly out, F3 (Popup, 34S)
Batting: LHB Brett Jackson 0-0: Fly out, F8 (Flyball, 8LM)
Top of the 2nd over - 1 run(s), 1 hit(s), 0 error(s), 2 left on base; Baylor 1 - Notre Dame 0
BOTTOM OF THE 2ND
Notre Dame Fighting Irish batting - Pitching for Baylor Bears : RHP Wayne Orlebar
Batting: RHB Doug Coleman 0-0: Ball
1-0: Called Strike
1-1: SINGLE (Groundball, 56D)
Batting: RHB Tony Parker 0-0: Ball
1-0: Ball
2-0: Fly out, F8 (Flyball, 8LM)
Batting: LHB George Smith 0-0: Ball
1-0: Called Strike
1-1: Foul Ball, location: 2F
1-2: Ball
2-2: 2-RUN HOME RUN (Line Drive, 9D), Distance : 347 ft
Batting: RHB Ron Walters 0-0: Foul Ball, location: 2F
0-1: Foul Ball, location: 2F
0-2: Strikes out swinging
Batting: LHB Alfredo Ramos 0-0: Ball
1-0: Foul Ball, location: 2F
1-1: Called Strike
1-2: Foul Ball, location: 2F
1-2: Ball
2-2: Foul Ball, location: 2F
2-2: Strikes out swinging
Bottom of the 2nd over - 2 run(s), 2 hit(s), 0 error(s), 0 left on base; Baylor 1 - Notre Dame 2
TOP OF THE 3RD
Baylor Bears batting - Pitching for Notre Dame Fighting Irish : RHP Richard Thomas
Batting: LHB David Taylor 0-0: SINGLE (Groundball, 34D) (infield hit)
Batting: LHB John White 0-0: Called Strike
David Taylor is caught stealing 2nd base
0-1: Reached on Error, E4 (Popup, 4M)
Batting: RHB Horace Johnson 0-0: Fly out, F8 (Flyball, 8RM)
Batting: LHB Matt Reese 0-0: Called Strike
0-1: Ball
1-1: Ball
2-1: SINGLE (Groundball, 56D)
John White to second
Batting: RHB Esteban Vargas 0-0: Ball
1-0: Called Strike
1-1: Swinging Strike
1-2: Fly out, F8 (Flyball, 8LM)
Top of the 3rd over - 0 run(s), 2 hit(s), 1 error(s), 2 left on base; Baylor 1 - Notre Dame 2
BOTTOM OF THE 3RD
Notre Dame Fighting Irish batting - Pitching for Baylor Bears : RHP Wayne Orlebar
Batting: SHB Joe Gallagher 0-0: Ball
1-0: Called Strike
1-1: Called Strike
1-2: Ball
2-2: Ground out 1-3 (Groundball, 13)
Batting: RHB António Muńóz 0-0: Ball
1-0: Fly out, F2 (Popup, 2RF)
Batting: SHB Forest Cruz 0-0: Ball
1-0: Called Strike
1-1: Fly out, F7 (Flyball, 7M)
Bottom of the 3rd over - 0 run(s), 0 hit(s), 0 error(s), 0 left on base; Baylor 1 - Notre Dame 2
TOP OF THE 4TH
Baylor Bears batting - Pitching for Notre Dame Fighting Irish : RHP Richard Thomas
Batting: RHB John Krueger 0-0: Called Strike
0-1: Ground out 5-3 (Groundball, 56)
Batting: RHB Guy Morrison 0-0: Called Strike
0-1: SINGLE (Line Drive, 6M)
Batting: LHB Brian Richardson 0-0: Foul Ball, location: 2F
0-1: Called Strike
0-2: Ball
1-2: Ball
2-2: Fly out, F8 (Flyball, 8LM)
Batting: LHB Brett Jackson 0-0: Ball
1-0: SINGLE (Groundball, 34D)
Guy Morrison to second
Runner from 2nd tries for 3rd, SAFE, throw made to third
Batting: LHB David Taylor 0-0: Ball
1-0: Ball
2-0: Called Strike
2-1: Ball
3-1: Swinging Strike
3-2: Strikes out swinging
Top of the 4th over - 0 run(s), 2 hit(s), 0 error(s), 2 left on base; Baylor 1 - Notre Dame 2
BOTTOM OF THE 4TH
Notre Dame Fighting Irish batting - Pitching for Baylor Bears : RHP Wayne Orlebar
Batting: LHB Pat White 0-0: Ball
1-0: Called Strike
1-1: SINGLE (Line Drive, 6MD)
Batting: RHB Doug Coleman 0-0: Called Strike
0-1: Ball
Pat White steals 2nd base
1-1: Swinging Strike
1-2: Ball
2-2: Strikes out looking
Batting: RHB Tony Parker 0-0: Ball
1-0: Fly out, F9 (Flyball, 9M)
Runner from 2nd tags up, SAFE at 3rd with throw
Batting: LHB George Smith 0-0: Ball
Wild Pitch!
Pat White scores
1-0: Swinging Strike
1-1: Ball
2-1: Foul Ball, location: 2F
2-2: Strikes out swinging
Bottom of the 4th over - 1 run(s), 1 hit(s), 0 error(s), 0 left on base; Baylor 1 - Notre Dame 3
TOP OF THE 5TH
Baylor Bears batting - Pitching for Notre Dame Fighting Irish : RHP Richard Thomas
Batting: LHB John White 0-0: Called Strike
0-1: Swinging Strike
0-2: Foul Ball, location: 2F
0-2: Ball
1-2: Fly out, F8 (Flyball, 8RM)
Batting: RHB Horace Johnson 0-0: Ball
1-0: Ball
2-0: Ball
3-0: Called Strike
3-1: Swinging Strike
3-2: Base on Balls
Batting: LHB Matt Reese 0-0: Ball
1-0: Foul Ball, location: 2F
1-1: Ball
2-1: Called Strike
2-2: Foul Ball, location: 2F
2-2: Ball
3-2: SINGLE (Line Drive, 4D)
Horace Johnson to second
Pitching: RHP Roy Mitchell
Batting: RHB Esteban Vargas 0-0: Ball
1-0: Grounds into double play, U6-3 (Groundball, 6)
Top of the 5th over - 0 run(s), 1 hit(s), 0 error(s), 1 left on base; Baylor 1 - Notre Dame 3
BOTTOM OF THE 5TH
Notre Dame Fighting Irish batting - Pitching for Baylor Bears : RHP Wayne Orlebar
Batting: RHB Ron Walters 0-0: Foul Ball, location: 2F
0-1: Ball
1-1: Swinging Strike
1-2: Ball
2-2: Ball
3-2: Base on Balls
Batting: LHB Alfredo Ramos 0-0: Called Strike
0-1: SINGLE (Flyball, 8LS)
Ron Walters to second
Batting: SHB Joe Gallagher 0-0: Called Strike
0-1: Called Strike
Ron Walters is caught stealing 3rd base
Alfredo Ramos to second
0-2: Ball
1-2: Fly out, F9 (Flyball, 89M)
Batting: RHB António Muńóz 0-0: Called Strike
0-1: Ball
1-1: Swinging Strike
1-2: Strikes out swinging
Bottom of the 5th over - 0 run(s), 1 hit(s), 0 error(s), 1 left on base; Baylor 1 - Notre Dame 3
TOP OF THE 6TH
Baylor Bears batting - Pitching for Notre Dame Fighting Irish : RHP Roy Mitchell
Batting: RHB John Krueger 0-0: Foul Ball, location: 2F
0-1: Swinging Strike
0-2: Ball
1-2: Ball
2-2: Foul Ball, location: 2F
2-2: Fly out, F9 (Flyball, 9S)
Batting: RHB Guy Morrison 0-0: Called Strike
0-1: Ball
1-1: Ball
2-1: Foul Ball, location: 2F
2-2: Ball
3-2: Foul Ball, location: 2F
3-2: SINGLE (Line Drive, 89S)
Batting: LHB Brian Richardson 0-0: Foul Ball, location: 2F
0-1: Ball
1-1: Ball
2-1: Grounds into double play, 1-6-3 (Groundball, 13)
Top of the 6th over - 0 run(s), 1 hit(s), 0 error(s), 0 left on base; Baylor 1 - Notre Dame 3
BOTTOM OF THE 6TH
Notre Dame Fighting Irish batting - Pitching for Baylor Bears : RHP Wayne Orlebar
Batting: SHB Forest Cruz 0-0: Ball
1-0: Foul Ball, location: 2F
1-1: Bunt for hit - play at first, batter safe!
Pitching: LHP Joe Phillips
Batting: LHB Pat White 0-0: Fly out, F7 (Flyball, 7D)
Batting: RHB Doug Coleman 0-0: Ball
1-0: Foul Ball, location: 2F
1-1: Swinging Strike
1-2: Ball
2-2: Foul Ball, location: 2F
2-2: Ball
3-2: Base on Balls
Forest Cruz to second
Batting: RHB Tony Parker 0-0: Called Strike
0-1: Ball
1-1: Called Strike
1-2: Strikes out swinging
Batting: LHB George Smith 0-0: Swinging Strike
0-1: Ball
1-1: Swinging Strike
1-2: Foul Ball, location: 2F
1-2: Ball
2-2: Strikes out swinging
Bottom of the 6th over - 0 run(s), 1 hit(s), 0 error(s), 2 left on base; Baylor 1 - Notre Dame 3
TOP OF THE 7TH
Baylor Bears batting - Pitching for Notre Dame Fighting Irish : RHP Roy Mitchell
Batting: LHB Brett Jackson 0-0: Ball
1-0: Swinging Strike
1-1: Ball
2-1: Ball
3-1: Foul Ball, location: 2F
3-2: Strikes out swinging
Pitching: LHP Arthur Coventry
Batting: LHB David Taylor 0-0: Foul Ball, location: 2F
0-1: TRIPLE (Line Drive, 89M)
Batting: LHB John White 0-0: Ball
1-0: Fly out, F7 (Flyball, 8LM)
Runner from 3rd tags up, SCORES, no throw
Batting: RHB Horace Johnson 0-0: Ball
1-0: Ball
2-0: Ball
3-0: Base on Balls
Batting: LHB Matt Reese 0-0: Ball
1-0: Ball
2-0: Called Strike
2-1: Ball
3-1: Called Strike
3-2: Fly out, F4 (Line Drive, 4D)
Top of the 7th over - 1 run(s), 1 hit(s), 0 error(s), 1 left on base; Baylor 2 - Notre Dame 3
BOTTOM OF THE 7TH
Notre Dame Fighting Irish batting - Pitching for Baylor Bears : LHP Joe Phillips
Batting: RHB Ron Walters 0-0: Ball
1-0: Fly out, F9 (Popup, 9S)
Batting: LHB Alfredo Ramos 0-0: Fly out, F7 (Flyball, 78M)
Batting: SHB Joe Gallagher 0-0: Swinging Strike
0-1: Ball
1-1: Called Strike
1-2: Fly out, F8 (Line Drive, 8LM)
Bottom of the 7th over - 0 run(s), 0 hit(s), 0 error(s), 0 left on base; Baylor 2 - Notre Dame 3
TOP OF THE 8TH
Baylor Bears batting - Pitching for Notre Dame Fighting Irish : LHP Arthur Coventry
Pitching: RHP Chris Grant
Batting: RHB Esteban Vargas 0-0: SINGLE (Groundball, 56D) (infield hit)
Batting: RHB John Krueger 0-0: Called Strike
0-1: Fly out, F7 (Flyball, 7LS)
Batting: RHB Guy Morrison 0-0: Ball
1-0: Called Strike
1-1: SINGLE (Groundball, 6MD)
Esteban Vargas to second
Pitching: LHP Wayne Burton
Pinch Hitting: RHB Doyle Hall 0-0: Ball
1-0: Ball
2-0: Ball
3-0: Called Strike
3-1: Foul Ball, location: 2F
3-2: Base on Balls
Esteban Vargas to third
Guy Morrison to second
Batting: LHB Brett Jackson 0-0: Called Strike
0-1: Foul Ball, location: 2F
0-2: Ball
1-2: Fly out, F9 (Flyball, 89D)
Runner from 3rd tags up, SCORES, no throw
Batting: LHB David Taylor 0-0: Foul Ball, location: 2F
0-1: Fly out, F7 (Flyball, 7LM)
Top of the 8th over - 1 run(s), 2 hit(s), 0 error(s), 2 left on base; Baylor 3 - Notre Dame 3
BOTTOM OF THE 8TH
Notre Dame Fighting Irish batting - Pitching for Baylor Bears : LHP Joe Phillips
Pitching: RHP Luke Rogers
Now at 1B: Jorge Gabaldón
Batting: RHB António Muńóz 0-0: Called Strike
0-1: Ball
1-1: Ball
2-1: Foul Ball, location: 2F
2-2: Foul Ball, location: 2F
2-2: Foul Ball, location: 2F
2-2: Foul Ball, location: 2F
2-2: Ball
3-2: Base on Balls
Batting: SHB Forest Cruz 0-0: Ball
1-0: Foul Ball, location: 2F
1-1: Called Strike
1-2: Foul Ball, location: 2F
1-2: Strikes out swinging
Batting: LHB Pat White 0-0: Swinging Strike
0-1: Swinging Strike
0-2: Strikes out swinging
António Muńóz steals 2nd base
Batter strikes out.
Batting: RHB Doug Coleman 0-0: Ball
1-0: Ball
2-0: Ball
3-0: Called Strike
3-1: Base on Balls
Batting: RHB Tony Parker 0-0: Ball
1-0: Called Strike
1-1: Ball
2-1: Foul Ball, location: 2F
2-2: SINGLE (Groundball, 34D) (infield hit)
António Muńóz to third
Doug Coleman to second
Batting: LHB George Smith 0-0: SINGLE (Groundball, 4MD)
António Muńóz scores
Doug Coleman to third
Tony Parker to second
Runner from 3rd tries for Home, SAFE, no throw or cutoff
Batting: RHB Ron Walters 0-0: Called Strike
0-1: Ground out 4-3 (Groundball, 4)
Bottom of the 8th over - 2 run(s), 2 hit(s), 0 error(s), 2 left on base; Baylor 3 - Notre Dame 5
TOP OF THE 9TH
Baylor Bears batting - Pitching for Notre Dame Fighting Irish : LHP Wayne Burton
Pitching: RHP Domingo Franco
Now at SS: Tim Reid
Batting: LHB John White 0-0: Foul Ball, location: 2F
0-1: Ground out 4-3 (Groundball, 4M)
Batting: RHB Horace Johnson 0-0: Called Strike
0-1: Ball
Single, Error in OF, E9, batter to second base
Batting: LHB Matt Reese 0-0: Ball
1-0: Called Strike
1-1: Ball
2-1: Ball
3-1: Base on Balls
Batting: RHB Esteban Vargas 0-0: Foul Ball, location: 2F
0-1: Ball
1-1: Called Strike
1-2: Strikes out swinging
Batting: RHB John Krueger 0-0: Foul Ball, location: 2F
0-1: Foul Ball, location: 2F
0-2: Ball
1-2: Ball
2-2: Strikes out looking
Top of the 9th over - 0 run(s), 1 hit(s), 1 error(s), 2 left on base; Baylor 3 - Notre Dame 5
This league is powered by Out of the Park Baseball, the baseball management simulation game for PC, Mac and Linux
Wednesday, December 2nd, 2015 - OOTP Baseball 16.8 Build 38